 Dungeon Crawl Stone Soup version 0.27-a0-1188-g73eefd5def (webtiles) character file.

Game seed: 11044869508192621695

72394 flotson the Covert (level 15, -9/120 HPs)
             Began as a Gnoll Delver on May 20, 2021.
             Was a Priest of Okawaru.
             Mangled by an orc high priest
             ... wielding a +0 battleaxe
              (24 damage)
             ... on level 2 of the Orcish Mines.
             The game lasted 01:12:45 (40043 turns).

flotson the Covert (Gnoll Delver)                  Turns: 40043, Time: 01:12:46

Health: -9/120     AC: 20    Str: 27      XL:     15   Next: 39%
Magic:  27/29      EV: 22    Int: 12 (15) God:    Okawaru [***...]
Gold:   578        SH: 15    Dex: 14      Spells: 14/34 levels left

rFire    . . .     SeeInvis +   a - +3 broad axe (flame)
rCold    . . .     Faith    .   q - +0 kite shield {AC+3}
rNeg     . . .     Spirit   .   Q - +1 scale mail {rPois}
rPois    +         Reflect  .   W - +0 helmet {SInv}
rElec    .         Harm     .   Z - scarf {repulsion}
rCorr    .         Rampage  .   V - +1 pair of gloves
Will     +++..                  h - +0 pair of boots
Stlth    +++++.....             G - amulet of the acrobat
HPRegen  0.30/turn              L - +4 ring of evasion
MPRegen  0.21/turn              N - ring "Caseclir" {Drain Will++ Str+7 Int+6}

@: about to teleport, heroic, repel missiles
A: fangs 1, strong nose, distributed training, strong 1
a: Renounce Religion, Heroism


You were on level 2 of the Orcish Mines.
You worshipped Okawaru.
Okawaru was most pleased with you.
You visited 3 branches of the dungeon, and saw 19 of its levels.

You collected 2141 gold pieces.
You spent 1563 gold pieces at shops.

Inventory:

Hand Weapons
 a - a +3 broad axe of flaming (weapon)
 b - a +0 hunting sling
Missiles
 o - 98 sling bullets
 u - 102 poisoned darts (quivered)
 A - a throwing net
 B - 17 boomerangs
 E - 7 silver javelins
 F - 6 atropa-tipped darts
 T - 8 javelins
Armour
 h - a +0 pair of boots (worn)
 q - a +0 kite shield of protection (worn)
 Q - a +1 scale mail of poison resistance (worn)
 V - a +1 pair of gloves (worn)
 W - a +0 helmet of see invisible (worn)
 Z - a scarf of repulsion (worn)
Jewellery
 m - a ring of protection from cold
 r - a ring of flight
 G - an amulet of the acrobat (around neck)
 L - a +4 ring of evasion (left hand)
 N - the ring "Caseclir" (right hand) {Drain Will++ Str+7 Int+6}
   (You acquired it on level 4 of the Dungeon)

   [ring of intelligence]

   It affects your strength (+7).
   It affects your intelligence (+6).
   It drains your maximum health when unequipped.
   It greatly increases your willpower.
 R - a ring of protection from fire
Wands
 g - a wand of digging (8)
 D - a wand of iceblast (11)
 P - a wand of flame (6)
Scrolls
 d - 5 scrolls of magic mapping
 e - a scroll of summoning
 j - 6 scrolls of teleportation
 l - 4 scrolls of enchant armour
 n - 8 scrolls of blinking
 t - a scroll of silence {unknown}
 z - a scroll of torment
 C - 3 scrolls of immolation
 H - 3 scrolls of fog
 J - 2 scrolls of vulnerability
 U - a scroll of holy word {unknown}
 Y - a scroll of enchant weapon {unknown}
Potions
 f - 2 potions of haste
 i - 2 potions of berserk rage
 k - 4 potions of curing
 p - 3 potions of heal wounds
 s - 2 potions of mutation
 v - 5 potions of ambrosia
 w - a potion of flight
 x - 2 potions of attraction
 I - 5 potions of might
 M - 3 potions of lignification
 S - 2 potions of resistance


   Skills:
 + Level 11.7(16.7) Fighting
 + Level 10.0(15.0) Short Blades
 + Level 10.0(15.0) Long Blades
 + Level 10.0(15.0) Axes
 + Level 10.0(15.0) Maces & Flails
 + Level 10.9(15.9) Polearms
 + Level 10.0(15.0) Staves
 + Level 10.0(15.0) Slings
 + Level 10.0(15.0) Bows
 + Level 10.0(15.0) Crossbows
 + Level 10.0(15.0) Throwing
 + Level 10.0(15.0) Armour
 + Level 10.9(15.9) Dodging
 + Level 13.3(18.3) Stealth
 + Level 10.0(15.0) Shields
 + Level 10.0(15.0) Unarmed Combat
 + Level 10.0 Spellcasting
 + Level 8.4 Conjurations
 + Level 8.4 Hexes
 + Level 8.4 Summonings
 + Level 8.4 Necromancy
 + Level 8.4 Translocations
 + Level 8.4 Transmutations
 + Level 8.4 Fire Magic
 + Level 8.4 Ice Magic
 + Level 8.4 Air Magic
 + Level 8.4 Earth Magic
 + Level 8.4 Poison Magic
 + Level 10.8 Invocations
 + Level 10.0 Evocations


You had 14 spell levels left.
You knew the following spells:

 Your Spells              Type           Power      Damage    Failure   Level
a - Mephitic Cloud        Conj/Pois/Air  26%        N/A       1%          3
b - Ignite Poison         Fire/Tmut/Pois 26%        N/A       1%          3
c - Blink                 Tloc           N/A        N/A       1%          2
d - Confusing Touch       Hex            26%        N/A       1%          3
e - Dazzling Flash        Conj/Hex       52%        N/A       1%          3
f - Tukima's Dance        Hex            26%        N/A       1%          3
g - Call Canine Familiar  Summ           26%        N/A       1%          3

Your spell library contained the following spells:

 Spells                   Type           Power      Damage    Failure   Level
 Corona                   Hex            28%        N/A       1%          1
 Freeze                   Ice            100%       1d11      1%          1
 Magic Dart               Conj           100%       1d8       1%          1
 Summon Small Mammal      Summ           100%       N/A       1%          1
 Call Imp                 Summ           26%        N/A       1%          2
 Ensorcelled Hibernation  Hex/Ice        52%        N/A       1%          2
 Poisonous Vapours        Pois/Air       52%        N/A       1%          2
 Searing Ray              Conj           52%        3d5       1%          2
 Slow                     Hex            26%        N/A       1%          2
 Static Discharge         Conj/Air       26%        N/A       1%          2
 Conjure Flame            Conj/Fire      26%        6-21      1%          3
 Frozen Ramparts          Ice            52%        1d7       1%          3
 Ozocubu's Armour         Ice            26%        N/A       1%          3
 Summon Guardian Golem    Hex/Summ       26%        N/A       1%          3
 Fulminant Prism          Conj/Hex       13%        3d9       6%          4
 Hailstorm                Conj/Ice       26%        3d7       6%          4
 Iskenderun's Mystic Bla  Conj/Tloc      26%        2d7       6%          4
 Summon Ice Beast         Ice/Summ       26%        N/A       6%          4
 Summon Lightning Spire   Summ/Air       26%        N/A       6%          4
 Fireball                 Conj/Fire      13%        3d7       19%         5
 Lightning Bolt           Conj/Air       13%        1d26      19%         5
 Metabolic Englaciation   Hex/Ice        13%        N/A       19%         5
 Freezing Cloud           Conj/Ice/Air   13%        6-21      69%         6
 Starburst                Conj/Fire      13%        8x6d5     69%         6
 Ignition                 Fire           13%        3d6       100%        8
 Shatter                  Erth           13%        3d13*     100%        9
 Tornado                  Air            13%        N/A       100%        9


Dungeon Overview and Level Annotations

Branches:
Dungeon (11/15)            Temple (0/1) D:5            Lair (6/6) D:11
  Swamp (0/4) Lair:2       Spider (0/4) Lair:4        Slime (0/5) Lair:6
    Orc (2/2) D:11            Elf (0/3) Orc:2

Altars:
Ashenzari
Cheibriados
Dithmenos
Gozag
Kikubaaqudgha
Okawaru
Sif Muna
Trog
Uskayaw
Wu Jian
Zin
Beogh
Jiyva

Shops:
D:1 :   D:2 ?   D:4 *   D:7 =   Orc:2 *

Annotations:
Orc:1 2 transporters


Innate Abilities, Weirdness & Mutations

You have very sharp teeth.
Your uncanny sense of smell can sniff out nearby items.
Your experience applies equally to all skills.
Your muscles are strong. (Str +2)


Message History

An orc knight comes into view. It is wielding a +0 glaive.
The red devil completely misses you.
The orc high priest calls down the wrath of Beogh upon you.
Beogh smites you!
The orc knight shouts!
You are too injured to fight recklessly!
You are too injured to fight recklessly!
Unknown command.
You are too injured to fight recklessly!
Unknown command.
You feel more confident with your borrowed prowess.
The smoke demon gestures at you. Something smites you!
* * * LOW HITPOINT WARNING * * *
The orc priest invokes the aid of Beogh against you.
You resist with almost no effort. The red devil completely misses you.
The orc high priest hits you with a +0 battleaxe.
* * * LOW HITPOINT WARNING * * *
You slash the orc high priest! You burn the orc high priest.
Your bite misses the orc high priest.
The orc high priest is severely wounded.
An orc sorcerer comes into view. It is wielding a +0 dagger.
The smoke demon gestures at you. Something smites you!
* * * LOW HITPOINT WARNING * * *
An orc knight comes into view. It is wielding a +0 long sword.
You block the red devil's attack.
You feel much better.
The orc high priest mumbles some strange prayers to Beogh.
The orc sorcerer gestures wildly while chanting.
The smoke demon gestures at you. Something smites you!
* * * LOW HITPOINT WARNING * * *
The orc knight roars a battlecry!
The orcs go into a battle-frenzy!
You block the orc priest's attack. You block the red devil's attack.
As you read the scroll of teleportation, it crumbles to dust.
You feel strangely unstable.
The orc high priest hits you with a +0 battleaxe!!
You die...

........#........#.............#.
.......#....[...................#
...[[.##.##...#..................
........###..###.......#.........
.[[[..[###..#####................
[)..#.###..###.###..#............
.....###..###.).###.......#......
....###..###.#)#.###^...........#
..)###..###..(#.@.###..........#.
[.###..###...###oo.###...........
.###[[###...## ##34o###..........
###.[))....## #...###.........
##....#)..## #..o###........
#...#))..## #o#.###.......
..#..)..## 3o.. ###.....
....#).## .. #..... ∩.#.....##
#.#...


You could see 2 orc knights, a soul eater (summoned), an orc high priest
(strong), a smoke demon, an orc sorcerer (strong), a red devil, an orc warrior
(strong) and an orc priest (strong).

Vanquished Creatures
  An orc warlord (D:11)
  The ghost of freelancePsychic the Grappler, a journeyman TrMo of Hepliaklqana (D:11)
  Fannar (Lair:3)
  The ghost of noodleboyJ the Thaumaturge, a journeyman DrCj of Vehumet (Lair:3)
  9 hydras
  A merfolk avatar (Lair:6)
  A catoblepas (Lair:5)
  An orc high priest (Orc:2)
  A harpy (Lair:6)
  3 orc sorcerers
  A lindwurm (Lair:5)
  3 orc knights (Orc:2)
  A manticore (D:11)
  38 elephants
  3 oklob plants (Lair:4)
  A cyclops (D:7)
  4 black mambas
  10 cane toads
  5 torpor snails
  A gargoyle (D:10)
  3 rime drakes (Lair:6)
  10 komodo dragons
  10 trolls
  A red devil (Orc:2)
  A wind drake (Lair:6)
  A jumping spider (Lair:4)
  A queen bee (D:11)
  9 polar bears
  4 hornets
  A tyrant leech (Lair:2)
  A meliai (D:11)
  33 blink frogs
  A shadow (D:11)
  13 wyverns
  6 basilisks
  36 yaks
  2 steam dragons
  2 neqoxecs (Orc:2)
  2 vampire mosquitoes (D:10)
  2 swamp worms (Lair:2)
  Menkaure (D:6)
  An acid dragon (D:10)
  4 wargs
  16 water moccasins
  A hornet zombie (D:8)
  An ice beast (D:7)
  25 orc warriors
  2 necrophages
  2 black bears (Lair:5)
  10 ogres
  7 wolves
  2 centaurs (D:9)
  12 bullfrogs
  A kobold brigand (D:9)
  A gnoll sergeant (D:10)
  3 scorpions
  A water moccasin skeleton (D:7)
  4 killer bees (D:11)
  11 wights
  5 electric eels
  3 hounds (D:11)
  5 centaur zombies
  2 jellies
  A bullfrog skeleton (D:5)
  25 orc priests
  4 gnoll shamans
  5 iguanas
  Jessica (D:2)
  2 centaur skeletons (D:5)
  5 hell rats (Lair:6)
  19 orc wizards
  A hound skeleton (D:3)
  2 howler monkey zombies
  29 gnolls
  A howler monkey skeleton (D:6)
  5 adders
  An ufetubus (D:5)
  3 dart slugs
  74 orcs
  7 ball pythons
  5 bats
  6 endoplasms
  4 giant cockroaches
  8 goblins
  8 hobgoblins
  9 jackals
  15 kobolds
  4 quokkas
  8 frilled lizards
  27 rats
625 creatures vanquished.

Vanquished Creatures (collateral kills)
  2 blink frogs (Lair:4)
2 creatures vanquished.

Vanquished Creatures (others)
  An orc wizard (D:6)
  An orc (D:6)
  74 fungi
  118 plants
194 creatures vanquished.

Grand Total: 821 creatures vanquished

Notes
Turn   | Place    | Note
-------+----------+-------------------------------------------
     0 | D:5      | Reached skill level 9 in Stealth
     0 | D:5      | flotson the Gnoll Delver began the quest for the Orb.
     0 | D:5      | Reached XP level 1. HP: 23/23 MP: 1/1
    38 | D:5      | Noticed a scorpion
    40 | D:5      | HP: 1/23 [ufetubus (1)]
   353 | D:4      | Reached XP level 2. HP: 29/29 MP: 2/2
   629 | D:4      | Reached XP level 3. HP: 35/35 MP: 3/3
   645 | D:4      | Noticed a scorpion
   704 | D:4      | Found a broken altar of Ashenzari.
   802 | D:4      | Reached skill level 1 in Invocations
   925 | D:4      | Reached skill level 1 in Short Blades
   925 | D:4      | Reached skill level 1 in Long Blades
   925 | D:4      | Reached skill level 1 in Axes
   925 | D:4      | Reached skill level 1 in Maces & Flails
   925 | D:4      | Reached skill level 1 in Staves
   925 | D:4      | Reached skill level 1 in Slings
   925 | D:4      | Reached skill level 1 in Bows
   925 | D:4      | Reached skill level 1 in Crossbows
   925 | D:4      | Reached skill level 1 in Throwing
   925 | D:4      | Reached skill level 1 in Armour
   925 | D:4      | Reached skill level 1 in Shields
   925 | D:4      | Reached skill level 1 in Unarmed Combat
   925 | D:4      | Reached skill level 1 in Spellcasting
   925 | D:4      | Reached skill level 1 in Evocations
   925 | D:4      | Reached XP level 4. HP: 41/41 MP: 5/5
   938 | D:4      | Found Xocelah's General Store.
  1068 | D:4      | Reached skill level 1 in Conjurations
  1068 | D:4      | Reached skill level 1 in Hexes
  1068 | D:4      | Reached skill level 1 in Summonings
  1068 | D:4      | Reached skill level 1 in Necromancy
  1068 | D:4      | Reached skill level 1 in Translocations
  1068 | D:4      | Reached skill level 1 in Transmutations
  1068 | D:4      | Reached skill level 1 in Fire Magic
  1068 | D:4      | Reached skill level 1 in Ice Magic
  1068 | D:4      | Reached skill level 1 in Air Magic
  1068 | D:4      | Reached skill level 1 in Earth Magic
  1068 | D:4      | Reached skill level 1 in Poison Magic
  1630 | D:3      | Reached XP level 5. HP: 43/47 MP: 6/6
  2276 | D:2      | Found Qizorgh's Magic Scroll Shoppe.
  2289 | D:2      | Bought a scroll of identify for 28 gold pieces
  2365 | D:1      | Found a faded altar of an unknown god.
  2410 | D:1      | Found Xaegag's Book Emporium.
  2826 | D:1      | Reached XP level 6. HP: 53/53 MP: 8/8
  3028 | D:2      | Noticed Jessica
  3034 | D:2      | Killed Jessica
  3139 | D:2      | Found an ancient bone altar of Kikubaaqudgha.
  3227 | D:2      | You are sucked into a shaft and drop 2 floors!
  3652 | D:1      | Reached skill level 5 in Polearms
  3652 | D:1      | Reached skill level 5 in Dodging
  4855 | D:4      | Reached XP level 7. HP: 59/59 MP: 10/10
  4888 | D:4      | Found an iron altar of Okawaru.
  4996 | D:4      | Became a worshipper of Warmaster Okawaru
  5019 | D:4      | Bought a scroll of identify for 24 gold pieces
  5019 | D:4      | Bought a scroll of identify for 24 gold pieces
  5313 | D:2      | Bought a scroll of identify for 28 gold pieces
  5314 | D:2      | Bought a scroll of fear for 49 gold pieces
  5314 | D:2      | Bought a scroll of teleportation for 42 gold pieces
  5836 | D:5      | Found a glowing silver altar of Zin.
  6035 | D:5      | Found a staircase to the Ecumenical Temple.
  6260 | D:5      | Reached * piety under Okawaru
  6551 | D:5      | Reached skill level 10 in Stealth
  6551 | D:5      | Reached XP level 8. HP: 60/67 MP: 12/12
  7211 | D:6      | Noticed Menkaure
  7215 | D:6      | Killed Menkaure
  7946 | D:6      | Reached ** piety under Okawaru
  8404 | D:6      | Reached XP level 9. HP: 66/72 MP: 14/14
 10433 | D:7      | Noticed a cyclops
 10583 | D:7      | Killed a cyclops
 10777 | D:7      | Found Hunahoul's Jewellery Emporium.
 11485 | D:7      | Reached skill level 5 in Invocations
 12012 | D:7      | Reached *** piety under Okawaru
 12230 | D:8      | Reached XP level 10. HP: 62/74 MP: 15/17
 12493 | D:8      | Found a hide-covered altar of Uskayaw.
 12493 | D:8      | Found a shadowy altar of Dithmenos.
 12493 | D:8      | Found a bloodstained altar of Trog.
 12494 | D:8      | Found an ornate altar of the Wu Jian Council.
 12505 | D:8      | Found a snail-covered altar of Cheibriados.
 12506 | D:8      | Found a shimmering blue altar of Sif Muna.
 12701 | D:8      | Reached skill level 5 in Short Blades
 12701 | D:8      | Reached skill level 5 in Long Blades
 12701 | D:8      | Reached skill level 5 in Axes
 12701 | D:8      | Reached skill level 5 in Maces & Flails
 12701 | D:8      | Reached skill level 5 in Staves
 12701 | D:8      | Reached skill level 5 in Slings
 12701 | D:8      | Reached skill level 5 in Bows
 12701 | D:8      | Reached skill level 5 in Crossbows
 12701 | D:8      | Reached skill level 5 in Throwing
 12701 | D:8      | Reached skill level 5 in Armour
 12701 | D:8      | Reached skill level 5 in Shields
 12701 | D:8      | Reached skill level 5 in Unarmed Combat
 12701 | D:8      | Reached skill level 5 in Spellcasting
 12701 | D:8      | Reached skill level 5 in Evocations
 13011 | D:9      | Found an opulent altar of Gozag.
 13313 | D:9      | Received a gift from Okawaru
 13785 | D:10     | Entered Level 10 of the Dungeon
 13786 | D:10     | Noticed a gargoyle
 13940 | D:10     | Learned a level 3 spell: Mephitic Cloud
 13944 | D:10     | Learned a level 3 spell: Ignite Poison
 13947 | D:10     | Learned a level 2 spell: Blink
 13951 | D:10     | Learned a level 3 spell: Confusing Touch
 13955 | D:10     | Learned a level 3 spell: Dazzling Flash
 13959 | D:10     | Learned a level 3 spell: Tukima's Dance
 14067 | D:10     | Killed a gargoyle
 14862 | D:10     | Reached skill level 11 in Stealth
 15729 | D:11     | Noticed a manticore
 15780 | D:11     | Killed a manticore
 15781 | D:11     | Reached XP level 11. HP: 64/87 MP: 17/19
 15920 | D:11     | Noticed an eight-headed hydra
 16026 | D:11     | Found a transporter.
 16030 | D:11     | Found a transporter.
 16060 | D:11     | Found a staircase to the Orcish Mines.
 16088 | D:11     | Reached skill level 5 in Conjurations
 16088 | D:11     | Reached skill level 5 in Hexes
 16088 | D:11     | Reached skill level 5 in Summonings
 16088 | D:11     | Reached skill level 5 in Necromancy
 16088 | D:11     | Reached skill level 5 in Translocations
 16088 | D:11     | Reached skill level 5 in Transmutations
 16088 | D:11     | Reached skill level 5 in Fire Magic
 16088 | D:11     | Reached skill level 5 in Ice Magic
 16088 | D:11     | Reached skill level 5 in Air Magic
 16088 | D:11     | Reached skill level 5 in Earth Magic
 16088 | D:11     | Reached skill level 5 in Poison Magic
 16500 | D:11     | Noticed freelancePsychic's ghost (journeyman TrMo)
 16503 | D:11     | Found a staircase to the Lair.
 16622 | D:11     | Found a bloodstained altar of Trog.
 16676 | D:11     | Reached **** piety under Okawaru
 16839 | Lair:1   | Entered Level 1 of the Lair of Beasts
 18722 | Lair:2   | Reached XP level 12. HP: 96/96 MP: 22/22
 18823 | Lair:2   | Received a gift from Okawaru
 18891 | Lair:2   | Received a gift from Okawaru
 19485 | Lair:2   | Noticed a four-headed hydra
 19500 | Lair:2   | Killed a four-headed hydra
 19597 | Lair:2   | Received a gift from Okawaru
 19899 | Lair:2   | Noticed a five-headed hydra
 19900 | Lair:2   | Noticed an eight-headed hydra
 19901 | Lair:2   | Found a staircase to the Swamp.
 20177 | Lair:2   | Killed an eight-headed hydra
 20198 | Lair:2   | Received a gift from Okawaru
 20245 | Lair:2   | Reached skill level 10 in Fighting
 20694 | Lair:2   | Killed a five-headed hydra
 20983 | Lair:2   | Reached skill level 12 in Stealth
 21084 | Lair:3   | Noticed a six-headed hydra
 21085 | Lair:3   | Noticed a seven-headed hydra
 21138 | Lair:2   | Learned a level 3 spell: Call Canine Familiar
 21165 | Lair:3   | Received a gift from Okawaru
 21251 | Lair:3   | Noticed noodleboyJ's ghost (journeyman DrCj)
 21252 | Lair:3   | Noticed an eight-headed hydra
 21267 | Lair:3   | Found a runed translucent door.
 21340 | Lair:3   | Killed a six-headed hydra
 21406 | Lair:3   | Killed a seven-headed hydra
 21406 | Lair:3   | Reached ***** piety under Okawaru
 21407 | Lair:3   | Reached XP level 13. HP: 103/103 MP: 22/24
 21585 | Lair:3   | Noticed Fannar
 21616 | Lair:3   | Killed Fannar
 21918 | Lair:3   | Identified the +10 dagger "Myug" {freeze, Dex+4}
 22292 | Lair:2   | Received a gift from Okawaru
 22626 | Lair:3   | Killed noodleboyJ's ghost
 22922 | Lair:4   | Received a gift from Okawaru
 22996 | Lair:4   | Found a hole to the Spider Nest.
 23423 | Lair:4   | HP: 4/104 [acid (13)]
 24241 | Lair:4   | Received a gift from Okawaru
 26062 | Lair:4   | Reached XP level 14. HP: 111/111 MP: 26/26
 26062 | Lair:4   | Identified the +5 double sword "Onwa" {vorpal, *Noise
                  | Str+3}
 26448 | D:11     | Reached skill level 10 in Polearms
 26448 | D:11     | Reached skill level 10 in Dodging
 26756 | D:7      | Bought a +4 ring of evasion for 504 gold pieces
 26991 | Lair:5   | Received a gift from Okawaru
 27515 | Lair:5   | Received a gift from Okawaru
 27812 | Lair:5   | Received a gift from Okawaru
 28070 | Lair:6   | Entered Level 6 of the Lair of Beasts
 28188 | Lair:6   | Found a staircase to the Slime Pits.
 28188 | Lair:6   | Found a viscous altar of Jiyva.
 28288 | Lair:6   | Reached skill level 10 in Invocations
 28684 | Lair:6   | Received a gift from Okawaru
 29293 | Lair:5   | Received a gift from Okawaru
 29874 | Lair:6   | Reached skill level 13 in Stealth
 29937 | Lair:6   | Found a snail-covered altar of Cheibriados.
 31593 | Lair:6   | Found a viscous altar of Jiyva.
 31593 | Lair:6   | Found a staircase to the Slime Pits.
 31806 | Lair:6   | Found a snail-covered altar of Cheibriados.
 32043 | Lair:5   | Reached XP level 15. HP: 107/119 MP: 26/28
 32906 | Lair:4   | Found a hole to the Spider Nest.
 34750 | Lair:2   | Found a staircase to the Swamp.
 36049 | D:11     | Killed freelancePsychic's ghost
 36542 | D:4      | Bought a scroll of acquirement for 624 gold pieces
 36542 | D:4      | Acquired the ring "Caseclir" {Drain Will++ Str+7 Int+6}
 36692 | Orc:1    | Entered Level 1 of the Orcish Mines
 36945 | Orc:1    | Noticed an orc warlord
 37257 | D:4      | Bought a scroll of brand weapon for 240 gold pieces
 37428 | D:11     | Killed an orc warlord
 37428 | D:11     | Received a gift from Okawaru
 37640 | Orc:1    | Found a transporter.
 37717 | Orc:1    | Noticed an orc warlord
 37742 | Orc:1    | Found a transporter.
 38264 | Orc:2    | Entered Level 2 of the Orcish Mines
 38757 | Orc:2    | Found Asitelof's General Store.
 38758 | Orc:2    | Found Wemop's General Store.
 39084 | Orc:2    | Found a staircase to the Elven Halls.
 39097 | Orc:2    | Reached skill level 10 in Short Blades
 39097 | Orc:2    | Reached skill level 10 in Long Blades
 39097 | Orc:2    | Reached skill level 10 in Axes
 39097 | Orc:2    | Reached skill level 10 in Maces & Flails
 39097 | Orc:2    | Reached skill level 10 in Staves
 39097 | Orc:2    | Reached skill level 10 in Slings
 39097 | Orc:2    | Reached skill level 10 in Bows
 39097 | Orc:2    | Reached skill level 10 in Crossbows
 39097 | Orc:2    | Reached skill level 10 in Throwing
 39097 | Orc:2    | Reached skill level 10 in Armour
 39097 | Orc:2    | Reached skill level 10 in Shields
 39097 | Orc:2    | Reached skill level 10 in Unarmed Combat
 39097 | Orc:2    | Reached skill level 10 in Spellcasting
 39097 | Orc:2    | Reached skill level 10 in Evocations
 40013 | Orc:2    | Gained mutation: Your muscles are strong. (Str +2) [a
                  | neqoxec]
 40033 | Orc:2    | Received a gift from Okawaru
 40043 | Orc:2    | Mangled by an orc high priest

Illustrated notes

Levels and vault maps discovered:
D:1:      amcnicky_arrival_choice, layout_basic,
          ebering_ecumenical_altar_petrified, serial_shops, shop
D:2:      layout_loops_ring, serial_shops, shop, basic_altar,
          kennysheep_generic_room_12, uniq_jessica
D:3:      layout_rooms, solitary_fountain, nrook_campfire,
          chequers_serial_rivers_room_a, minmay_rat_hole
D:4:      layout_basic, amcnicky_altar_gilded, lemuel_doored_altar,
          serial_shops, nicolae_shop_competitors_out_of_business
D:5:      layout_loops_ring, zin_treasury, minmay_temple_entry_hall
D:6:      layout_cave_pods, minmay_microvault, uniq_menkaure
D:7:      layout_loops_ring, serial_shops, shop, chequers_arboretum
D:8:      layout_rooms, minitemple
D:9:      layout_cave_pods, kennysheep_mini
D:10:     layout_cave_pods
D:11:     layout_roguey, erik_lair_island, orc_0_dummy, gammafunk_ghost_hive,
          small_statue_intersection, minivault_16, trog_ov_bears_minmay
Lair:1:   layout_regular_city
Lair:2:   layout_chaotic_city, palyth_hydra_swamp_entry
Lair:3:   layout_regular_city, ebering_ghost_inner_flame,
          infiniplex_staircase_pool, uniq_fannar
Lair:4:   layout_long_grid, spider_nest_entry_rubble, minmay_lair_oklob_chamber,
          infiniplex_staircase_pool_2, grunt_megastairs_2
Lair:5:   layout_cave_pods, serial_bayou_shore_a
Lair:6:   gammafunk_lair_ancient_temple, layout_small_grid, slime_altar_1,
          kennysheep_snail_temple, lemuel_fruit_tree
Orc:1:    gammafunk_beogh_shrine, layout_diamond_mine
Orc:2:    pf_orc_diabolical, layout_caves, basic_altar

Skill      XL: |  1  2  3  4  5  6  7  8  9 10 11 12 13 14 15 |
---------------+----------------------------------------------+-----
Stealth        | 10 11 12 13 | 13.3
Invocations    | 1 2 3 4 5 6 7 8 9 10 | 10.8
Short Blades   | 1 2 3 4 5 6 7 8 9 10 | 10.0
Long Blades    | 1 2 3 4 5 6 7 8 9 10 | 10.0
Axes           | 1 2 3 4 5 6 7 8 9 10 | 10.0
Maces & Flails | 1 2 3 4 5 6 7 8 9 10 | 10.0
Staves         | 1 2 3 4 5 6 7 8 9 10 | 10.0
Slings         | 1 2 3 4 5 6 7 8 9 10 | 10.0
Bows           | 1 2 3 4 5 6 7 8 9 10 | 10.0
Crossbows      | 1 2 3 4 5 6 7 8 9 10 | 10.0
Throwing       | 1 2 3 4 5 6 7 8 9 10 | 10.0
Armour         | 1 2 3 4 5 6 7 8 9 10 | 10.0
Shields        | 1 2 3 4 5 6 7 8 9 10 | 10.0
Unarmed Combat | 1 2 3 4 5 6 7 8 9 10 | 10.0
Spellcasting   | 1 2 3 4 5 6 7 8 9 10 | 10.0
Evocations     | 1 2 3 4 5 6 7 8 9 10 | 10.0
Conjurations   | 1 2 3 4 5 6 7 8 |  8.4
Hexes          | 1 2 3 4 5 6 7 8 |  8.4
Summonings     | 1 2 3 4 5 6 7 8 |  8.4
Necromancy     | 1 2 3 4 5 6 7 8 |  8.4
Translocations | 1 2 3 4 5 6 7 8 |  8.4
Transmutations | 1 2 3 4 5 6 7 8 |  8.4
Fire Magic     | 1 2 3 4 5 6 7 8 |  8.4
Ice Magic      | 1 2 3 4 5 6 7 8 |  8.4
Air Magic      | 1 2 3 4 5 6 7 8 |  8.4
Earth Magic    | 1 2 3 4 5 6 7 8 |  8.4
Poison Magic   | 1 2 3 4 5 6 7 8 |  8.4
Polearms       | 5 6 7 8 9 10 | 10.9
Dodging        | 5 6 7 8 9 10 | 10.9
Fighting       | 7 8 9 10 11 | 11.7

Action                   |  1- 3 |  4- 6 |  7- 9 | 10-12 | 13-15 || total
-------------------------+-------+-------+-------+-------+-------++-------
Melee: Spear             |    17 |     2 |       |       |       ||    19
       Bite              |     1 |    11 |    44 |   103 |   257 ||   416
       Quarterstaff      |       |    53 |       |       |       ||    53
       Whip              |       |    89 |   171 |       |       ||   260
       Punch             |       |     2 |     4 |       |       ||     6
       Hand axe          |       |       |   120 |       |       ||   120
       Halberd           |       |       |    20 |   117 |       ||   137
       Glaive            |       |       |    18 |       |       ||    18
       Dagger            |       |       |       |   661 |  1042 ||  1703
       Unarmed           |       |       |       |     7 |       ||     7
       Mace              |       |       |       |       |   381 ||   381
       Broad axe         |       |       |       |       |   232 ||   232
       War axe           |       |       |       |       |    32 ||    32
 Fire: Hunting sling     |    52 |   150 |   162 |    70 |    78 ||   512
Throw: Dart              |       |    13 |    33 |    41 |    30 ||   117
 Cast: Dazzling Flash    |       |       |       |     2 |    15 ||    17
       Mephitic Cloud    |       |       |       |     2 |       ||     2
       Ignite Poison     |       |       |       |     2 |       ||     2
       Call Canine Famil |       |       |       |       |     2 ||     2
Invok: Heroism           |       |       |     6 |    64 |    87 ||   157
Evoke: Wand              |       |       |     3 |     7 |     6 ||    16
  Use: Scroll            |     1 |     2 |     4 |    11 |    11 ||    29
       Potion            |       |       |       |       |     1 ||     1
 Stab: Sleeping          |     2 |    10 |     3 |    14 |    15 ||    44
       Distracted        |       |     2 |       |       |     8 ||    10
       Invisible         |       |       |       |     2 |    18 ||    20
Armor: Leather armour    |    11 |    18 |       |       |       ||    29
       Ring mail         |       |    45 |   105 |    18 |       ||   168
       Scale mail        |       |       |       |   146 |   392 ||   538
       Troll leather arm |       |       |       |     2 |       ||     2
Dodge: Dodged            |    41 |   140 |   227 |   340 |   956 ||  1704
       Repelled          |       |       |       |       |     5 ||     5
Block: Kite shield       |       |       |       |   310 |   982 ||  1292

Table legend: (Time is in decaauts)
 A = Elapsed time spent in this place.
 B = Non-inter-level travel time spent in this place.
 C = Inter-level travel time spent in this place.
 D = Time resting spent in this place.
 E = Time spent auto-exploring this place.
 F = Levels seen in this place.
 G = Mean time per level.
                   A        B        C        D        E       F      G
               +--------+--------+--------+--------+--------+-----+--------+
         Total |  39427 |  36262 |   3165 |   5341 |  24792 |  19 | 2075.1 |
       Dungeon |  18740 |  16505 |   2235 |   2755 |  10711 |  11 | 1703.6 |
          Lair |  18148 |  17235 |    913 |   1827 |  12857 |   6 | 3024.7 |
  Orcish Mines |   2539 |   2522 |     17 |    759 |   1224 |   2 | 1269.5 |
               +--------+--------+--------+--------+--------+-----+--------+

Top non-repeatable levels by time:
  Lair:4: 4224 daAuts
     D:6: 3262 daAuts
  Lair:2: 3247 daAuts
  Lair:6: 3198 daAuts
  Lair:5: 2828 daAuts
  Lair:1: 2690 daAuts
    D:11: 2365 daAuts
     D:4: 2311 daAuts
  Lair:3: 1958 daAuts
     D:5: 1760 daAuts
     D:7: 1682 daAuts
     D:9: 1594 daAuts
     D:3: 1368 daAuts
    D:10: 1309 daAuts
   Orc:2: 1306 daAuts
